 Dungeon Crawl Stone Soup version 0.17-a0-1914-gde4187c (webtiles) character file.

205 Krapule the Distorting Demonspawn (level 5, 0/43 HPs)
             Began as a Demonspawn Abyssal Knight on Sept 26, 2015.
             Was a Believer of Lugonu.
             Slain by a crimson imp
             ... wielding a +0 war axe
              (2 damage)
             ... on level 5 of the Dungeon.
             The game lasted 00:17:33 (3282 turns).

Krapule the Distorting Demonspawn (DsAK)            Turns: 3282, Time: 00:17:33

Health: 0/43       AC:  5    Str: 11 (13) XL:     5   Next: 52%
Magic:  0/8        EV: 12    Int: 13      God:    Lugonu [**....]
Gold:   204        SH:  0    Dex: 13      Spells: 0 memorised, 4 levels left

rFire  . . .     SeeInvis .     a - +1 spear
rCold  . . .     Clarity  .     b - +0 leather armour
rNeg   . . .     SustAt   .     (no shield)
rPois  +         Gourm    .     (no helmet)
rElec  .         Spirit   +     j - +0 cloak
rCorr  .         Warding  .     (no gloves)
rMut   .         Stasis   .     d - +0 pair of boots
MR     .....                    (no amulet)
Stlth  +.........               (no ring)
                                o - ring of poison resistance

@: not resistant to hostile enchantments, very unstealthy
A: magic shield, magic regeneration
a: Depart the Abyss, Bend Space, Renounce Religion


You were on level 5 of the Dungeon.
You worshipped Lugonu.
Lugonu was pleased with you.
You were not hungry.

You visited 1 branch of the dungeon, and saw 5 of its levels.
You visited the Abyss 1 time.

You collected 204 gold pieces.

Inventory:

Hand weapons
 a - a +1 spear (weapon)
Armour
 b - a +0 leather armour (worn)
 d - a +0 pair of boots (worn)
 j - a +0 cloak (worn)
Jewellery
 o - a ring of poison resistance (left hand)
Magical devices
 k - a wand of magic darts (25)
Scrolls
 h - a scroll of enchant weapon {unknown}
 l - 3 scrolls of remove curse {unknown}
 m - 2 scrolls of immolation {unknown}
 n - a scroll of blinking {unknown}
 p - a scroll of identify {unknown}
Potions
 i - a potion of curing {unknown}
Comestibles
 c - 2 bread rations
 f - a royal jelly
 g - 2 beef jerkies


   Skills:
 + Level 4.3 Fighting
 - Level 2.0 Polearms
 - Level 2.0 Armour
 + Level 2.5 Dodging
 + Level 4.8 Invocations


You had 4 spell levels left.
You didn't know any spells.

Dungeon Overview and Level Annotations

Branches:
Dungeon (5/15)
 Temple: D:4-7

Altars:
Makhleb
Ru


Innate Abilities, Weirdness & Mutations

When hurt, damage is shared between your health and your magic reserves.
You regenerate magic rapidly.


Message History

You hit the worker ant.
The worker ant is severely wounded.
You hear the rapid hiss of a very distant avalanche of sand.
The worker ant barely misses you.
You hit the worker ant but do no damage.
The worker ant is severely wounded.
The worker ant bites you!
* * * LOW HITPOINT WARNING * * *
The worker ant barely misses you.
Use which ability?
Space bends sharply around you!
The worker ant blinks!
You blink.
You feel slightly more hungry.
The crimson imp shouts, "Take thy face hence, thou loggerheaded ruttish bladder!"
The worker ant closely misses you.
Drink which item? (? for menu, Esc to quit)
It was a potion of degeneration.
There was something very wrong with that liquid.
You feel weakened.
The crimson imp hits you with a war axe.
You die...

#. ####.# ###
##...[.# #.#
#......#####.#
### ...5#
#..#...#######ยง#
...#
#......a@5..##
...#
##.........##
..## ##..########
...######..##
...........#
....#####.##
...## ### ..##
..#


You could see a worker ant and a crimson imp.

Vanquished Creatures
  A phantom (D:5)
  6 adders
  An ooze (D:3)
  2 worms
  2 giant geckos
  2 orcs
  7 bats
  A giant cockroach (D:2)
  10 goblins
  5 hobgoblins
  A quokka (D:3)
  6 giant newts
  4 kobolds (D:2)
  7 rats
55 creatures vanquished.

Notes
Turn   | Place    | Note
--------------------------------------------------------------
     0 | Abyss:1  | Krapule the Demonspawn Abyssal Knight began the quest for the Orb.
     0 | Abyss:1  | Reached XP level 1. HP: 18/18 MP: 2/2
    15 | Abyss:1  | Found a corrupted altar of Lugonu.
    40 | Abyss:1  | Noticed a green draconian
    43 | Abyss:1  | Noticed a small abomination
    43 | D:1      | Escaped the Abyss
   217 | D:1      | Acquired Lugonu's first power
   223 | D:1      | Gained mutation: When hurt, damage is shared between your health and your magic reserves. [demonic ancestry]
   223 | D:1      | Reached XP level 2. HP: 20/24 MP: 3/3
   495 | D:1      | Reached skill level 1 in Dodging
   775 | D:2      | Reached XP level 3. HP: 15/29 MP: 5/5
  1278 | D:2      | Found a sacrificial altar of Ru.
  1289 | D:2      | Found a burning altar of Makhleb.
  1289 | D:2      | Noticed an Executioner
  1577 | D:2      | Acquired Lugonu's second power
  1989 | D:2      | Reached skill level 4 in Invocations
  1989 | D:2      | Gained mutation: You regenerate magic rapidly. [demonic ancestry]
  1989 | D:2      | Reached XP level 4. HP: 34/37 MP: 5/7
  2652 | D:3      | You fall through a shaft!
  2652 | D:4      | Noticed a black bear
  2668 | D:5      | Entered Level 5 of the Dungeon
  2706 | D:5      | Noticed a phantom
  2867 | D:5      | Killed a phantom
  2867 | D:5      | Reached XP level 5. HP: 5/43 MP: 5/8
  3280 | D:5      | HP: 1/43 [worker ant (4)]
  3282 | D:5      | Slain by a crimson imp

Vault maps used:
D:1:      dpeg_arrival_simpleton_c, grunt_decor_arrowhead
D:2:      makhleb_altar_promises_db, nicolae_ru_path_of_blood,
          grunt_decor_resistance
D:3:      minmay_divided_ellipse, uniq_grinder, uniq_jessica, uniq_natasha
D:4:      first_bread, tgw_sif
D:5:      nicolae_ossuary_entry_monument

Action                   |  1- 3 |  4- 6 || total
-------------------------+-------+-------++-------
Melee: Spear             |   199 |   155 ||   354
Invok: Depart the Abyss  |     1 |       ||     1
       Bend Space        |       |     1 ||     1
  Use: Potion            |       |     1 ||     1
 Stab: Sleeping          |     1 |       ||     1
  Eat: Chunk             |     3 |     2 ||     5
       Meat ration       |       |     1 ||     1
